cohdb
Replays
Latest Replays
All Replays
Popular Replays
Top Player Replays
Match Explorer
How It Works
Community
CoH3 Stats
Reddit
Sign in to upload your games and track your stats! →
Sign in with Steam
Match 42407350
Unlisted
Match 42407350
Overview
Messages
Build Orders
End
Construct Infanterie Kompanie
Pioneer Squad
MG 42 Machine Gun Team
MG 42 Machine Gun Team
Grenadier Squad
Construct Luftwaffe Kompanie
Jäger Squad
Medical Station
Jäger Squad
Support Elements
GrW 34 Mortar Team
Construct Panzergrenadier Kompanie
Nebelwerfer 42 Rocket Launcher Team
StuG III G Assault Gun
Wirbelwind Flakpanzer
StuG III G Assault Gun
Side Skirts
Selects Terror Battlegroup
Selects Contempt for the Weak
Selects Propaganda Leaflet Drop
Selects Machine Gun Camouflage
Selects V1 Rocket Strike
Jäger Squad
V1 Rocket Strike
Construct Panzer Kompanie
Pioneer Squad
Metalharl
RommelF
^3
Africanoblanco
Silent Penguin
Rangorn GI Wok
Gentium
Navier_Stokes
0
0
Comments
sign in to comment!
No comments posted yet!